PBL
LOS ANGELES ANGELS @ CAROLINA WARHOUNDS
08/05/2071
 
TOP OF THE 1ST
Los Angeles Angels batting - Pitching for Carolina Warhounds : LHP Carl Rose
Pitching: LHP Carl Rose
Batting: RHB Marvin Cummings 0-0: Ball
1-0: Ground out 6-3 (Groundball, 6, EV 90.6 MPH)
Batting: RHB Duncan Phillips 0-0: Foul Ball, location: 23F
0-1: Foul Ball, location: 23F
0-2: SINGLE (Groundball, 34D, EV 96.3 MPH)
Batting: RHB Raúl Galló 0-0: Ball
1-0: Called Strike
1-1: Swinging Strike
1-2: Ball
2-2: Strikes out swinging
Batting: RHB Tony Mora 0-0: Ball
1-0: Foul Ball, location: 9LSF
1-1: Foul Ball, location: 25F
1-2: Ball
2-2: Ball
3-2: Foul Ball, location: 25FF
3-2: SINGLE (Line Drive, 9S, EV 88.1 MPH)
Duncan Phillips to second
Duncan Phillips to third
Batting: RHB Chris Doubron 0-0: Ball
1-0: Foul Ball, location: 9LMF
1-1: Foul Ball, location: 5FF
1-2: Ball
2-2: Strikes out looking
Top of the 1st over - 0 runs, 2 hits, 0 errors, 2 left on base; Los Angeles 0 - Carolina 0
BOTTOM OF THE 1ST
Carolina Warhounds batting - Pitching for Los Angeles Angels : RHP Nathan Rose
Pitching: RHP Nathan Rose
Batting: RHB José Rijo 0-0: Swinging Strike
0-1: Ball
1-1: Ball
2-1: Ball
3-1: SINGLE (Line Drive, 4M, EV 105.0 MPH)
Batting: SHB Josh Johnston 0-0: Ball
1-0: Ball
2-0: Called Strike
2-1: Foul Ball, location: 7LMF
2-2: Fly out, F9 (Flyball, 89D, EV 85.6 MPH)
Runner from 1st tags up, SAFE at 2nd
Batting: LHB Jesse Lane 0-0: Ball
1-0: Called Strike
1-1: Called Strike
1-2: Strikes out looking
Batting: RHB Lee Turner 0-0: Swinging Strike
0-1: Ball
1-1: Swinging Strike
1-2: Ball
2-2: Strikes out swinging
Bottom of the 1st over - 0 runs, 1 hit, 0 errors, 1 left on base; Los Angeles 0 - Carolina 0
TOP OF THE 2ND
Los Angeles Angels batting - Pitching for Carolina Warhounds : LHP Carl Rose
Batting: SHB Jeff Vaughn 0-0: Foul Ball, location: 2F
0-1: Ground out 4-3 (Groundball, 4, EV 86.9 MPH)
Batting: RHB Stanley Blake 0-0: Called Strike
0-1: Ball
1-1: Called Strike
1-2: Ball
2-2: Ball
3-2: Strikes out swinging
Batting: LHB Jung-won Sop 0-0: Ball
1-0: Ball
2-0: Called Strike
2-1: Ball
3-1: Base on Balls
Batting: SHB Xavier Martínez 0-0: Called Strike
0-1: Called Strike
0-2: Strikes out swinging
Top of the 2nd over - 0 runs, 0 hits, 0 errors, 1 left on base; Los Angeles 0 - Carolina 0
BOTTOM OF THE 2ND
Carolina Warhounds batting - Pitching for Los Angeles Angels : RHP Nathan Rose
Batting: LHB Pong-su Mo 0-0: Ground out 4-3 (Groundball, 4, EV 95.0 MPH)
Batting: LHB Carlos Vega 0-0: Ball
1-0: Foul Ball, location: 25F
1-1: Foul Ball, location: 7LMF
1-2: Foul Ball, location: 9LDF
1-2: Strikes out looking
Batting: RHB Eric Brennan 0-0: Called Strike
0-1: Fly out, F4 (Line Drive, 4, EV 75.0 MPH)
Bottom of the 2nd over - 0 runs, 0 hits, 0 errors, 0 left on base; Los Angeles 0 - Carolina 0
TOP OF THE 3RD
Los Angeles Angels batting - Pitching for Carolina Warhounds : LHP Carl Rose
Batting: RHB Marvin Cummings 0-0: Swinging Strike
0-1: Called Strike
0-2: Strikes out swinging
Batting: RHB Duncan Phillips 0-0: Ball
1-0: Ball
2-0: Called Strike
2-1: Foul Ball, location: 2F
2-2: Ball
3-2: Base on Balls
Batting: RHB Raúl Galló 0-0: Ball
1-0: Ball
2-0: Fly out, F3 (Popup, 3L, EV 68.8 MPH)
Batting: RHB Tony Mora 0-0: Fielders Choice at 2nd, 5-4 (Groundball, 5, EV 83.8 MPH)
Top of the 3rd over - 0 runs, 0 hits, 0 errors, 1 left on base; Los Angeles 0 - Carolina 0
BOTTOM OF THE 3RD
Carolina Warhounds batting - Pitching for Los Angeles Angels : RHP Nathan Rose
Batting: RHB Santiago Barbosa 0-0: Fly out, F9 (Line Drive, 9S, EV 104.4 MPH)
Batting: RHB Leonardo Canseco 0-0: Ball
1-0: Foul Ball, location: 2F
1-1: Ball
2-1: Called Strike
2-2: Foul Ball, location: 5DF
2-2: Strikes out swinging
Batting: RHB José Rijo 0-0: Ball
1-0: Foul Ball, location: 7LDF
1-1: Swinging Strike
1-2: Strikes out swinging
Bottom of the 3rd over - 0 runs, 0 hits, 0 errors, 0 left on base; Los Angeles 0 - Carolina 0
TOP OF THE 4TH
Los Angeles Angels batting - Pitching for Carolina Warhounds : LHP Carl Rose
Batting: RHB Chris Doubron 0-0: Called Strike
0-1: Ball
1-1: Foul Ball, location: 9LMF
1-2: Ball
2-2: Strikes out swinging
Batting: SHB Jeff Vaughn 0-0: Ball
1-0: Called Strike
1-1: Ball
2-1: Foul Ball, location: 2F
2-2: Ball
3-2: Foul Ball, location: 2F
3-2: Foul Ball, location: 3SF
3-2: Fly out, F8 (Flyball, 78M, EV 82.5 MPH)
Batting: RHB Stanley Blake 0-0: Ball
1-0: Foul Ball, location: 2F
1-1: Foul Ball, location: 2F
1-2: Foul Ball, location: 2F
1-2: Ball
2-2: Ball
3-2: SINGLE (Line Drive, 34, EV 95.6 MPH)
Batting: LHB Jung-won Sop 0-0: Ball
1-0: Called Strike
1-1: Fly out, F7 (Flyball, 7, EV 96.9 MPH)
Top of the 4th over - 0 runs, 1 hit, 0 errors, 1 left on base; Los Angeles 0 - Carolina 0
BOTTOM OF THE 4TH
Carolina Warhounds batting - Pitching for Los Angeles Angels : RHP Nathan Rose
Batting: SHB Josh Johnston 0-0: Ball
1-0: Ball
2-0: Foul Ball, location: 2F
2-1: Ball
3-1: Base on Balls
Batting: LHB Jesse Lane 0-0: Called Strike
0-1: Called Strike
0-2: Ball
1-2: Foul Ball, location: 23F
1-2: Foul Ball, location: 3F
1-2: Ball
2-2: Foul Ball, location: 2F
2-2: Foul Ball, location: 3F
2-2: Strikes out swinging
Batting: RHB Lee Turner 0-0: Ball
1-0: Called Strike
Josh Johnston steals 2nd base
1-1: Fly out, F7 (Flyball, 78D, EV 98.1 MPH)
Batting: LHB Pong-su Mo 0-0: Ball
1-0: Swinging Strike
1-1: Foul Ball, location: 5FF
1-2: Strikes out swinging
Bottom of the 4th over - 0 runs, 0 hits, 0 errors, 1 left on base; Los Angeles 0 - Carolina 0
TOP OF THE 5TH
Los Angeles Angels batting - Pitching for Carolina Warhounds : LHP Carl Rose
Batting: SHB Xavier Martínez 0-0: Fly out, F3 (Popup, 3S, EV 83.8 MPH)
Batting: RHB Marvin Cummings 0-0: Bunted foul
0-1: Ball
1-1: Ball
2-1: Called Strike
2-2: Ball
3-2: Base on Balls
Batting: RHB Duncan Phillips 0-0: Ball
1-0: Ball
2-0: Swinging Strike
2-1: Fly out, F8 (Flyball, 89M, EV 95.6 MPH)
Batting: RHB Raúl Galló 0-0: Ball
1-0: Called Strike
1-1: Ball
2-1: Ball
3-1: Called Strike
3-2: Fly out, F4 (Popup, 4, EV 55.6 MPH)
Top of the 5th over - 0 runs, 0 hits, 0 errors, 1 left on base; Los Angeles 0 - Carolina 0
BOTTOM OF THE 5TH
Carolina Warhounds batting - Pitching for Los Angeles Angels : RHP Nathan Rose
Batting: LHB Carlos Vega 0-0: Foul Ball, location: 7LDF
0-1: Ball
1-1: Ball
2-1: Called Strike
2-2: Ground out 1-3 (Groundball, 13S, EV 76.3 MPH)
Batting: RHB Eric Brennan 0-0: Ball
1-0: DOUBLE (Line Drive, 7LM, EV 95.6 MPH)
Batting: RHB Santiago Barbosa 0-0: Called Strike
0-1: Foul Ball, location: 9LDF
0-2: Ball
1-2: Strikes out swinging
Batting: RHB Leonardo Canseco 0-0: Ball
1-0: Ball
2-0: Fly out, F7 (Flyball, 7, EV 90.6 MPH)
Bottom of the 5th over - 0 runs, 1 hit, 0 errors, 1 left on base; Los Angeles 0 - Carolina 0
TOP OF THE 6TH
Los Angeles Angels batting - Pitching for Carolina Warhounds : LHP Carl Rose
Batting: RHB Tony Mora 0-0: Foul Ball, location: 7LSFF
0-1: Swinging Strike
0-2: Strikes out swinging
Batting: RHB Chris Doubron 0-0: Called Strike
0-1: Foul Ball, location: 2F
0-2: Strikes out looking
Batting: SHB Jeff Vaughn 0-0: Called Strike
0-1: Called Strike
0-2: DOUBLE (Groundball, 5L, EV 110.0 MPH)
Pitching: RHP Kelly Davis
Batting: RHB Stanley Blake 0-0: Called Strike
0-1: DOUBLE (Flyball, 8LXD, EV 107.5 MPH)
Jeff Vaughn scores
Batting: LHB Jung-won Sop 0-0: Ball
1-0: Ball
2-0: Ball
3-0: Base on Balls
Batting: SHB Xavier Martínez 0-0: Called Strike
0-1: Ball
Wild Pitch!
Stanley Blake to third
Jung-won Sop to second
1-1: Foul Ball, location: 3FF
1-2: 3-RUN HOME RUN (Flyball, 89XD, EV 108.8 MPH), Distance : 422 ft
Pitching: LHP John Perry
Batting: RHB Marvin Cummings 0-0: Ball
1-0: Ball
2-0: Ball
3-0: Base on Balls
Batting: RHB Duncan Phillips 0-0: Ball
1-0: Ball
2-0: Ball
3-0: Called Strike
3-1: Base on Balls
Marvin Cummings to second
Batting: RHB Raúl Galló 0-0: Ball
1-0: Called Strike
1-1: Swinging Strike
1-2: SINGLE (Line Drive, 5D, EV 96.9 MPH)
Marvin Cummings to third
Duncan Phillips to second
Runner from 3rd tries for Home, SAFE, throw by LF to home
Batting: RHB Tony Mora 0-0: Ball
1-0: Foul Ball, location: 5F
1-1: Ground out 6-3 (Groundball, P, EV 88.1 MPH)
Top of the 6th over - 5 runs, 4 hits, 0 errors, 2 left on base; Los Angeles 5 - Carolina 0
BOTTOM OF THE 6TH
Carolina Warhounds batting - Pitching for Los Angeles Angels : RHP Nathan Rose
Batting: RHB José Rijo 0-0: SINGLE (Line Drive, 9S, EV 110.6 MPH)
Batting: SHB Josh Johnston 0-0: Ball
1-0: Called Strike
1-1: Ball
2-1: Ball
3-1: Base on Balls
José Rijo to second
Batting: LHB Jesse Lane 0-0: Ball
1-0: Ball
2-0: Called Strike
2-1: Grounds into double play, 4-6-3 (Groundball, 4S, EV 83.1 MPH)
José Rijo to third
Batting: RHB Lee Turner 0-0: Ball
1-0: Ball
2-0: Ball
3-0: Called Strike
3-1: Swinging Strike
3-2: SINGLE (Line Drive, 4D, EV 103.8 MPH)
José Rijo scores
Batting: LHB Pong-su Mo 0-0: Called Strike
0-1: Ball
1-1: Swinging Strike
1-2: Foul Ball, location: 2LF
1-2: SINGLE (Line Drive, 78S, EV 86.3 MPH)
Lee Turner to second
Batting: LHB Carlos Vega 0-0: Ball
1-0: Foul Ball, location: 2F
1-1: Swinging Strike
1-2: Foul Ball, location: 9LSF
1-2: Ball
2-2: Foul Ball, location: 2F
2-2: Foul Ball, location: 2F
2-2: Strikes out swinging
Bottom of the 6th over - 1 run, 3 hits, 0 errors, 2 left on base; Los Angeles 5 - Carolina 1
TOP OF THE 7TH
Los Angeles Angels batting - Pitching for Carolina Warhounds : LHP John Perry
Batting: RHB Chris Doubron 0-0: Called Strike
0-1: Ball
1-1: SINGLE (Flyball, 89S, EV 88.8 MPH)
Batting: SHB Jeff Vaughn 0-0: Swinging Strike
0-1: Ball
1-1: Ball
2-1: Foul Ball, location: 2F
2-2: SINGLE (Line Drive, 4M, EV 98.1 MPH)
Chris Doubron to second
Batting: RHB Stanley Blake 0-0: Ball
1-0: Foul Ball, location: 9LSF
1-1: Ball
2-1: Ball
3-1: Swinging Strike
3-2: Base on Balls
Chris Doubron to third
Jeff Vaughn to second
Pitching: LHP Bob Harrington
Batting: LHB Jung-won Sop 0-0: Ball
1-0: SINGLE (Groundball, 4MD, EV 100.6 MPH)
Chris Doubron scores
Jeff Vaughn to third
Stanley Blake to second
Batting: SHB Xavier Martínez 0-0: Ball
1-0: Ball
2-0: Called Strike
2-1: Ball
3-1: Base on Balls
Jeff Vaughn scores
Stanley Blake to third
Jung-won Sop to second
Batting: RHB Marvin Cummings 0-0: Fielders Choice at 2nd, 4-6 (Groundball, 4, EV 88.8 MPH)
Stanley Blake scores
Jung-won Sop to third
Batting: RHB Duncan Phillips 0-0: Ball
Marvin Cummings steals 2nd base (no throw)
1-0: Ball
2-0: Called Strike
2-1: Ball
3-1: Ground out 6-3 (Groundball, 6, EV 86.3 MPH)
Jung-won Sop scores
Batting: RHB Raúl Galló 0-0: Ball
1-0: Called Strike
1-1: Fly out, F7 (Flyball, 78S, EV 93.8 MPH)
Top of the 7th over - 4 runs, 3 hits, 0 errors, 1 left on base; Los Angeles 9 - Carolina 1
BOTTOM OF THE 7TH
Carolina Warhounds batting - Pitching for Los Angeles Angels : RHP Nathan Rose
Pitching: LHP José Tovar
Batting: RHB Eric Brennan 0-0: Called Strike
0-1: Foul Ball, location: 5F
0-2: Ball
1-2: Ball
2-2: Ground out 5-3 (Groundball, 5S, EV 68.1 MPH)
Batting: RHB Santiago Barbosa 0-0: Ball
1-0: Ball
2-0: Called Strike
2-1: Swinging Strike
2-2: Strikes out swinging
Batting: RHB Leonardo Canseco 0-0: Called Strike
0-1: Ball
1-1: Swinging Strike
1-2: Strikes out swinging
Bottom of the 7th over - 0 runs, 0 hits, 0 errors, 0 left on base; Los Angeles 9 - Carolina 1
TOP OF THE 8TH
Los Angeles Angels batting - Pitching for Carolina Warhounds : LHP Bob Harrington
Batting: RHB Tony Mora 0-0: Ball
1-0: Ground out 4-3 (Groundball, 4, EV 101.3 MPH)
Batting: RHB Chris Doubron 0-0: Ball
1-0: Called Strike
1-1: Called Strike
1-2: Strikes out looking
Batting: SHB Jeff Vaughn 0-0: Ground out 5-3 (Groundball, 56S, EV 93.8 MPH)
Top of the 8th over - 0 runs, 0 hits, 0 errors, 0 left on base; Los Angeles 9 - Carolina 1
BOTTOM OF THE 8TH
Carolina Warhounds batting - Pitching for Los Angeles Angels : LHP José Tovar
Batting: RHB José Rijo 0-0: Ball
1-0: Foul Ball, location: 2F
1-1: Ball
2-1: Ground out 6-3 (Groundball, 6D, EV 100.6 MPH)
Batting: SHB Josh Johnston 0-0: Foul Ball, location: 2F
0-1: Called Strike
0-2: Strikes out swinging
Batting: LHB Jesse Lane 0-0: Ball
1-0: Fly out, F7 (Flyball, 78M, EV 98.8 MPH)
Bottom of the 8th over - 0 runs, 0 hits, 0 errors, 0 left on base; Los Angeles 9 - Carolina 1
TOP OF THE 9TH
Los Angeles Angels batting - Pitching for Carolina Warhounds : LHP Bob Harrington
Pitching: RHP Ron McSween
Batting: RHB Stanley Blake 0-0: Ball
1-0: Ball
2-0: SINGLE (Groundball, 4MD, EV 98.1 MPH)
Batting: LHB Jung-won Sop 0-0: Fly out, F6 (Popup, 6MS, EV 60.0 MPH)
Batting: SHB Xavier Martínez 0-0: Called Strike
0-1: Ball
1-1: Ball
2-1: Ball
3-1: Called Strike
3-2: Strikes out swinging
Batting: RHB Marvin Cummings 0-0: Ball
1-0: Called Strike
1-1: SINGLE (Flyball, 8RS, EV 86.3 MPH)
Stanley Blake to second
Batting: RHB Duncan Phillips 0-0: Called Strike
0-1: Ball
1-1: Foul Ball, location: 3SF
1-2: Foul Ball, location: 2F
1-2: Fly out, F8 (Line Drive, 8RM, EV 93.1 MPH)
Top of the 9th over - 0 runs, 2 hits, 0 errors, 2 left on base; Los Angeles 9 - Carolina 1
BOTTOM OF THE 9TH
Carolina Warhounds batting - Pitching for Los Angeles Angels : LHP José Tovar
Batting: RHB Lee Turner 0-0: Called Strike
0-1: Ball
1-1: Foul Ball, location: 3F
1-2: Fly out, F4 (Popup, 4, EV 56.3 MPH)
Batting: LHB Pong-su Mo 0-0: Called Strike
0-1: Foul Ball, location: 7LMF
0-2: Ball
1-2: Fly out, F8 (Flyball, 8RXD, EV 91.9 MPH)
Batting: LHB Carlos Vega 0-0: Foul Ball, location: 2F
0-1: Foul Ball, location: 3SF
0-2: Ball
1-2: Ball
2-2: Foul Ball, location: 2F
2-2: Ball
3-2: Foul Ball, location: 2F
3-2: Foul Ball, location: 2F
3-2: SINGLE (Groundball, 34D, EV 106.9 MPH)
Batting: RHB Eric Brennan 0-0: Swinging Strike
0-1: Fly out, F8 (Flyball, 8RD, EV 108.1 MPH)
Bottom of the 9th over - 0 runs, 1 hit, 0 errors, 1 left on base; Los Angeles 9 - Carolina 1
Thursday, May 2nd , 2024 - OOTP Baseball 24.10 Build 82